 Dungeon Crawl Stone Soup version 0.23-a0-4-g8f018a2 (webtiles) character file.

1423 Kuinu the Firebug (level 8, -8/57 HPs)
             Began as a Purple Draconian Fire Elementalist on July 31, 2018.
             Was an Initiate of Vehumet.
             Mangled by a killer bee (10 damage)
             ... on level 7 of the Dungeon.
             The game lasted 00:28:21 (8159 turns).

Kuinu the Firebug (DrFE)                            Turns: 8159, Time: 00:28:21

Health: -8/57      AC:  6    Str: 10    XL:     8   Next: 44%
Magic:  2/16       EV: 15    Int: 18    God:    Vehumet [......]
Gold:   264        SH:  0    Dex: 12    Spells: 8/18 levels left

rFire    + . .     SeeInvis +   r - +2 short sword (vamp)
rCold    + . .     Gourm    .   (no shield)
rNeg     . . .     Faith    .   (armour unavailable)
rPois    +         Spirit   .   (helmet restricted)
rElec    +         Reflect  .   (no cloak)
rCorr    +         Harm     .   (no gloves)
MR       +....                  (no boots)
Stlth    ++........             (no amulet)
HPRegen  0.19/turn              p - +3 ring of evasion
MPRegen  0.15/turn              G - ring of see invisible

@: about to teleport, resistant, very slightly contaminated
A: breathe power, unfitting armour, cold-blooded, AC +6
a: Breathe Dispelling Energy, Renounce Religion


You were on level 7 of the Dungeon.
You worshipped Vehumet.
Vehumet was noncommittal.
You were hungry.

You visited 2 branches of the dungeon, and saw 8 of its levels.

You collected 348 gold pieces.
You spent 84 gold pieces at shops.

Inventory:

Hand Weapons
 e - a +0 spear
 g - a +0 dagger
 o - a +5 flail of holy wrath
 r - a +2 vampiric short sword (weapon)
 B - a +1 long sword of holy wrath
 D - a +2 flail of crushing
 F - a +0 trident
 M - the +5 hand crossbow "Ficish" {velocity, Str+2 Int+2 Stlth+, unknown}
   (You found it on level 6 of the Dungeon)

   Any bolt fired from it inflicts extra damage.
   It affects your strength (+2).
   It affects your intelligence (+2).
   It makes you more stealthy.
 N - a +0 halberd
Jewellery
 p - a +3 ring of evasion (left hand)
 G - a ring of see invisible (right hand)
 H - a +1 ring of protection {unknown}
Wands
 w - a wand of iceblast (9)
 C - a wand of polymorph (10)
 E - a wand of flame (33)
Scrolls
 a - 2 scrolls of enchant weapon {unknown}
 c - 2 scrolls of fog
 d - a scroll of immolation
 h - a scroll of fear
 i - a scroll of random uselessness {unknown}
 l - 2 scrolls of remove curse
 n - a scroll of blinking
 q - 2 scrolls of magic mapping
 v - 6 scrolls of teleportation
 x - a scroll of enchant armour {unknown}
 y - 2 scrolls of amnesia {unknown}
 A - 2 scrolls of identify
 J - a scroll of summoning {unknown}
 K - a scroll of noise {unknown}
 L - a scroll of holy word {unknown}
Potions
 f - a potion of lignification
 k - a potion of agility
 m - a potion of ambrosia {unknown}
 s - 2 potions of mutation
 t - a potion of resistance
 u - a potion of haste {unknown}
 z - a potion of berserk rage {unknown}
 I - a potion of heal wounds {unknown}
Comestibles
 b - 2 rations


   Skills:
 - Level 1.7 Dodging
 - Level 1.7 Stealth
 + Level 5.6 Spellcasting
 * Level 6.5 Conjurations
 * Level 7.3 Fire Magic


You had 8 spell levels left.
You knew the following spells:

 Your Spells              Type           Power        Failure   Level  Hunger
a - Flame Tongue          Conj/Fire      ####.        1%          1    None
b - Throw Flame           Conj/Fire      ####..       1%          2    None
c - Conjure Flame         Conj/Fire      ####....     2%          3    ##.....
d - Sticky Flame          Conj/Fire      ####....     7%          4    ####...

Your spell library contained the following spells:

 Spells                   Type           Power        Failure   Level  Hunger
 Fireball                 Conj/Fire      ####......   21%         5    #####..
 Confuse                  Hex            #.......     36%         3    ##.....
 Confusing Touch          Hex            #.....       13%         1    None
 Metabolic Englaciation   Hex/Ice        #.........   98%         5    #####..
 Petrify                  Tmut/Erth      #.......     77%         4    ####...
 Inner Flame              Hex/Fire       ###.....     9%          3    ##.....
 Gell's Gravitas          Tloc           #.........   36%         3    ##.....
 Yara's Violent Unravell  Hex/Tmut       #.........   98%         5    #####..


Dungeon Overview and Level Annotations

Branches:
Dungeon (7/15)             Temple (1/1) D:4

Altars:
Ashenzari
Cheibriados
Dithmenos
Elyvilon
Fedhas
Gozag
Hepliaklqana
Kikubaaqudgha
Makhleb
Nemelex Xobeh
Okawaru
Qazlal
Ru
Sif Muna
Trog
Uskayaw
Vehumet
Wu Jian
Xom
Yredelemnul
The Shining One

Shops:
D:4 *


Innate Abilities, Weirdness & Mutations

You can breathe bolts of dispelling energy.
Your rich purple scales are hard. (AC +6)
You cannot fit into any form of body armour.
You are cold-blooded and may be slowed by cold attacks.


Message History

You feel better.
The killer bee stings you but does no damage.
The killer bee stings you.
* * * LOW HITPOINT WARNING * * *
You feel protected.
The killer bee stings you but does no damage.
The killer bee misses you.
Eat a chunk of flesh? (ye/n/q)
You eat the chunk of flesh.
This raw flesh tastes terrible.
You are feeling hungry.
The killer bee closely misses you. The killer bee misses you.
Okay, then.
Okay, then.
As you read the scroll of teleportation, it crumbles to dust.
You feel strangely unstable. The killer bee stings you.
* * * LOW HITPOINT WARNING * * *
The killer bee closely misses you. The killer bee completely misses you.
The killer bee stings you!
You die...

#.....# #..##........5......
# #y# #..#########........
#.##.####..#########........
#...........................
#.##.####.#.#.#.#.#.###.#...
#>....†5.#.#.#.#.#.#.##.#...
#.##.####y#.#.#.#.#.###.#...
# ### ##y#.#.#.#.#..#5#...
#...#@#.#.#.#.#...#...
#..#.#.#.#.#.#.##.##'#
#...#.#.#.#.#.#......# ....#
#.#.#.#.#..#### #.#..
#.#.#.##..# # #.#.
#.#.#.#..# # # # #.#.#.##..#
# #.#.#.#.#..# .......#...##


You could see 2 killer bees and a crimson imp.

Vanquished Creatures
  Edmund (D:4)
  2 ogres
  2 centaurs
  2 bullfrogs (D:7)
  2 scorpions
  4 killer bees (D:7)
  A quasit (D:7)
  A centaur zombie (D:6)
  3 hounds
  2 jellies
  2 orc priests
  A bullfrog skeleton (D:6)
  2 orc wizards (D:6)
  4 worker ants
  2 hound skeletons (D:5)
  5 adders
  An ooze (D:5)
  2 dart slugs
  4 leopard geckos
  5 orcs
  5 giant cockroaches
  6 hobgoblins
  11 kobolds
  5 quokkas
  6 bats
  4 frilled lizards
  8 goblins
  A leopard gecko skeleton (D:4)
  A quokka skeleton (D:4)
  9 rats
104 creatures vanquished.

Notes
Turn   | Place    | Note
-------+----------+-------------------------------------------
     0 | D:1      | Kuinu the Draconian Fire Elementalist began the quest for the Orb.
     0 | D:1      | Reached XP level 1. HP: 14/14 MP: 3/3
     6 | D:1      | Noticed a basilisk
     6 | D:1      | Noticed a queen ant
     7 | D:1      | Noticed a stone giant
   490 | D:1      | Reached XP level 2. HP: 20/20 MP: 0/5
   646 | D:1      | Learned a level 2 spell: Throw Flame
  1322 | D:2      | Reached XP level 3. HP: 26/26 MP: 3/6
  1492 | D:2      | Learned a level 3 spell: Conjure Flame
  1510 | D:2      | Found a faded altar of an unknown god.
  1740 | D:2      | Found a shimmering altar of Xom.
  1743 | D:2      | Found a bloodstained altar of Trog.
  2039 | D:3      | Found an opulent altar of Gozag.
  2139 | D:3      | Reached XP level 4. HP: 28/33 MP: 4/7
  2391 | D:3      | Found a hide-covered altar of Uskayaw.
  2391 | D:3      | Noticed a hand axe
  2391 | D:3      | Noticed a dagger
  2446 | D:3      | Reached skill level 4 in Fire Magic
  2847 | D:4      | Found Puog's General Store.
  3004 | D:4      | Bought a potion of curing for 42 gold pieces
  3004 | D:4      | Bought a scroll of teleportation for 42 gold pieces
  3020 | D:4      | Found a staircase to the Ecumenical Temple.
  3069 | Temple   | Entered the Ecumenical Temple
  3395 | D:4      | Noticed Edmund
  3681 | D:4      | Killed Edmund
  3681 | D:4      | Reached XP level 5. HP: 38/38 MP: 0/9
  4367 | D:4      | Reached XP level 6. HP: 32/45 MP: 0/10
  4374 | D:4      | Reached skill level 5 in Fire Magic
  4728 | D:4      | Learned a level 4 spell: Sticky Flame
  4815 | D:5      | Entered Level 5 of the Dungeon
  5474 | D:5      | Found a radiant altar of Vehumet.
  5488 | D:5      | Became a worshipper of Vehumet
  5505 | D:5      | Found an ancient bone altar of Kikubaaqudgha.
  6565 | D:6      | Your scales start taking on a rich purple colour.
  6565 | D:6      | Reached XP level 7. HP: 34/50 MP: 8/13
  6887 | D:6      | Reached skill level 5 in Conjurations
  6887 | D:6      | Reached skill level 6 in Fire Magic
  7206 | D:6      | Found an ancient bone altar of Kikubaaqudgha.
  7284 | D:6      | Got a twisted hand crossbow
  7641 | D:7      | Reached skill level 5 in Spellcasting
  7756 | D:7      | Reached XP level 8. HP: 57/57 MP: 4/15
  8110 | D:7      | Reached skill level 7 in Fire Magic
  8157 | D:7      | HP: 2/57 [killer bee (5)]
  8159 | D:7      | Mangled by a killer bee

Vault maps used:
D:1:      onia_arrival_zoo_common, minmay_misc_feat_room
D:2:      gammafunk_temple_overflow_statue, chequers_ecumenical_altar_simple
D:3:      dancing_weapons_uskayaw,
          nicolae_gozag_cash_rules_everything_around_me, first_ration,
          minivault_5
D:4:      temple_fountains, serial_shops, shop_statue, uniq_edmund
D:5:      vehumet_altar_wand_db, basic_altar
D:6:      kennysheep_mini_moat
D:7:      minivault_23
Temple:   regret_index_temple_generic_petals

Skill      XL: |  1  2  3  4  5  6  7  8 |
---------------+-------------------------+-----
Conjurations   | 2 3 4 5 6 |  6.5
Fire Magic     | 4 5 6 7 |  7.3
Spellcasting   | 3 4 5 |  5.6
Dodging        | |  1.7
Stealth        | |  1.7

Action                   |  1- 3 |  4- 6 |  7- 9 || total
-------------------------+-------+-------+-------++-------
Melee: Unarmed           |     6 |       |       ||     6
       Dagger            |    20 |       |       ||    20
       Short sword       |     8 |    41 |   175 ||   224
       Tailslap          |     3 |     2 |    22 ||    27
 Cast: Flame Tongue      |    65 |    68 |    46 ||   179
       Conjure Flame     |       |     1 |     2 ||     3
       Throw Flame       |       |     1 |       ||     1
       Sticky Flame      |       |     8 |    12 ||    20
 Abil: Breathe Dispellin |       |       |     1 ||     1
  Use: Scroll            |     5 |     7 |     1 ||    13
       Potion            |       |     1 |     4 ||     5
  Eat: Chunk             |     3 |     4 |     5 ||    12
       Ration            |     2 |     3 |     1 ||     6
Armor: Skin              |     9 |    26 |    47 ||    82
Dodge: Dodged            |    36 |    83 |   184 ||   303

Table legend:
 A = Spawn XP
 B = Non-spawn XP
 C = Spawn XP percentage of total XP
 D = Spawn monster count
 E = Non-spawn monster count
 F = Spawn count percentage of total count
 G = Total turns spent on level
                    A         B        C        D         E        F      G
               +---------+---------+-------+---------+---------+-------+---------
         Total |       0 |    2033 |   0.0 |       0 |     104 |   0.0 |  8159
               +---------+---------+-------+---------+---------+-------+---------
           D:1 |       0 |      35 |   0.0 |       0 |      21 |   0.0 |  1296
           D:2 |       0 |      35 |   0.0 |       0 |      19 |   0.0 |   587
           D:3 |       0 |      59 |   0.0 |       0 |      16 |   0.0 |   964
           D:4 |       0 |     312 |   0.0 |       0 |      12 |   0.0 |  2010
           D:5 |       0 |     228 |   0.0 |       0 |       8 |   0.0 |  1240
           D:6 |       0 |     581 |   0.0 |       0 |      14 |   0.0 |  1230
           D:7 |       0 |     783 |   0.0 |       0 |      14 |   0.0 |   525
               +---------+---------+-------+---------+---------+-------+---------
